 Dungeon Sprint DCSS version 0.29-a0-384-g6960b1960d (webtiles) character file.

Game seed: 5147123653123976168

452 mhtbhm the Basher (level 6, -10/102 HPs)
             Began as a Troll Berserker on May 7, 2022.
             Was a High Priest of Trog.
             Mangled by a flayed ghost (20 damage)
             ... in the Dungeon (Sprint VII: "The Pits").
             The game lasted 00:01:06 (276 turns).

mhtbhm the Basher (Troll Berserker)                  Turns: 276, Time: 00:01:07

Health: -10/102    AC:  4    Str: 28    XL:     6   Next: 75%
Magic:  5/5        EV: 11    Int:  3    God:    Trog [*****.]
Gold:   0          SH:  0    Dex:  9    Spells: 5/5 levels left

rFire   . . .      SeeInvis .   a - +4 great mace "Qius" {vorpal, rPois}
rCold   . . .      Faith    .   (shield currently unavailable)
rNeg    . . .      Spirit   .   b - +0 animal skin
rPois   +          Reflect  .   (helmet restricted)
rElec   .          Harm     .   (no cloak)
rCorr   .          Rampage  .   (gloves unavailable)
Will    .....      NoTele   +   (boots unavailable)
Stlth   ..........              (no amulet)
HPRegen 1.07/turn               (no ring)
MPRegen 0.09/turn               (no ring)

@: berserking, very quick
A: large, unfitting armour, claws 3, regeneration 1, shaggy fur 1, tough skin 1
a: Renounce Religion, Berserk, Trog's Hand, Brothers in Arms


You were in the Dungeon.
You worshipped Trog.
Trog was extremely pleased with you.
You visited 1 branch

Inventory:

Hand Weapons
 a - the +4 great mace "Qius" (weapon) {vorpal, rPois}
   (Trog gifted it to you in the Dungeon)

   It inflicts extra damage upon your enemies.
   rPois:     It protects you from poison.
Missiles
 k - a curare-tipped dart (quivered)
Armour
 b - a +0 animal skin (worn)
Scrolls
 h - a scroll of blinking
 j - a scroll of summoning
Potions
 c - 6 potions of curing
 d - 6 potions of heal wounds
 e - a potion of haste
 f - 4 potions of magic
 g - 3 potions of berserk rage
 i - 2 potions of invisibility


   Skills:
 + Level 6.9 Fighting
 + Level 9.0 Maces & Flails
 + Level 7.2 Dodging


You had 5 spell levels left.
You didn't know any spells.
Your spell library was empty.

Dungeon Overview and Level Annotations

Branches:
Dungeon (1/1)

Altars:
Gozag
Hepliaklqana
Sif Muna
Trog
Jiyva


Innate Abilities, Weirdness & Mutations

You are too large for most types of armour.
You have claws for hands.
Your natural rate of healing is unusually fast.
You are covered in fur. (AC +1)
You have tough skin. (AC +1)


Message History

You start waiting.
You recover from your berserk rage.
You open the door.
A bullfrog comes into view.
The bullfrog gives a loud, deep croak!
The bullfrog hits you.
You closely miss the bullfrog. The bullfrog hits you.
You closely miss the bullfrog. The bullfrog misses you.
The bullfrog barely misses you.
You miss the bullfrog. The bullfrog hits you. The bullfrog closely misses you.
You thump the bullfrog!
The bullfrog is heavily wounded.
The bullfrog hits you. x2
You miss the bullfrog.
The bullfrog is heavily wounded.
The bullfrog misses you. The bullfrog hits you.
You sock the bullfrog!
You kill the bullfrog!
Trog accepts your kill.
Your Maces & Flails skill increases to level 9!
There is an open door here.
As you open the door, it creaks loudly!
A flayed ghost comes into view.
You closely miss the flayed ghost. The flayed ghost hits you!!
You barely miss the flayed ghost. The flayed ghost hits you.
The flayed ghost hits you!!
* * * LOW HITPOINT WARNING * * *
A red film seems to cover your vision as you go berserk!
You feel yourself moving faster!
You feel mighty! The flayed ghost hits you.
* * * LOW HITPOINT WARNING * * *
You bludgeon the flayed ghost!!
The flayed ghost is moderately damaged.
You hit the flayed ghost.
The flayed ghost is heavily damaged.
The flayed ghost hits you!
* * * LOW HITPOINT WARNING * * *
You barely miss the flayed ghost.
The flayed ghost is heavily damaged.
The flayed ghost hits you!!
You die...

#.#..#.)))[##.......#
#)###########.......#
#))#.#.## #########
#.......# ##.#.#.##
#.......#+#
##.#.#.##.+
#.......#W#
##.#.#..'@#
##########


You could see a flayed ghost.

Vanquished Creatures
  A fire bat (D)
  A phantom (D)
  A kobold brigand (D)
  A bullfrog (D)
  2 crimson imps (D)
  2 adders (D)
  A white imp (D)
  5 orcs (D)
  A giant cockroach (D)
  6 jackals (D)
  A goblin (D)
  A kobold (D)
  A rat (D)
24 creatures vanquished.

Notes
Turn   | Place    | Note
-------+----------+-------------------------------------------
     0 | D        | mhtbhm the Troll Berserker began the quest for the Orb.
     0 | D        | Reached XP level 1. HP: 22/22 MP: 0/0
    54 | D        | Reached skill level 3 in Maces & Flails
    54 | D        | Reached XP level 2. HP: 31/31 MP: 1/1
    55 | D        | Reached ** piety under Trog
    77 | D        | Noticed a crimson imp
    83 | D        | Reached *** piety under Trog
    92 | D        | Reached skill level 4 in Maces & Flails
    92 | D        | Reached XP level 3. HP: 25/39 MP: 2/2
    99 | D        | Reached **** piety under Trog
   112 | D        | Reached skill level 5 in Maces & Flails
   152 | D        | Found a bloodstained altar of Trog.
   152 | D        | Found a shimmering blue altar of Sif Muna.
   152 | D        | Found a viscous altar of Jiyva.
   152 | D        | Found a hazy altar of Hepliaklqana.
   152 | D        | Found an opulent altar of Gozag.
   174 | D        | Noticed a fire bat
   174 | D        | Noticed a kobold brigand
   178 | D        | Noticed a phantom
   180 | D        | Killed a fire bat
   181 | D        | Reached skill level 5 in Fighting
   181 | D        | Reached skill level 7 in Maces & Flails
   181 | D        | Reached skill level 5 in Dodging
   181 | D        | Reached XP level 4. HP: 35/52 MP: 3/3
   181 | D        | Reached XP level 5. HP: 40/59 MP: 4/4
   189 | D        | Reached ***** piety under Trog
   190 | D        | Reached XP level 6. HP: 51/67 MP: 5/5
   199 | D        | Reached skill level 8 in Maces & Flails
   212 | D        | Identified the +4 great mace "Qius" {vorpal, rPois} (Trog
                  | gifted it to you in the Dungeon)
   212 | D        | Received a gift from Trog
   268 | D        | Reached skill level 9 in Maces & Flails
   270 | D        | Noticed a flayed ghost
   276 | D        | Mangled by a flayed ghost

Illustrated notes

Levels and vault maps discovered:
D:        pitsprint [storerooms_1, entrance_room_1, metal_vault_5, armoury_2,
          mini_pit_1, grid_room_1, main_hall_1, silver_pit, the_coven_1,
          the_vestibule_1, steel_vault_5, golden_pit, hallway_of_sentries,
          crystal_vault_2, iron_vault_5, final_vault]

Skill      XL: |  1  2  3  4  5  6 |
---------------+-------------------+-----
Fighting       | 3 5 6 |  6.9
Maces & Flails | 3 4 7 9 |  9.0
Dodging        | 3 5 6 7 |  7.2

Action                   |  1- 3 |  4- 6 || total
-------------------------+-------+-------++-------
Melee: Mace              |    41 |    27 ||    68
       Punch             |     1 |       ||     1
       Great mace        |       |    11 ||    11
Invok: Berserk           |     1 |     1 ||     2
Armor: Animal skin       |    20 |     3 ||    23
Dodge: Dodged            |    20 |    15 ||    35

Table legend: (Time is in decaauts)
 A = Elapsed time spent in this place.
 B = Non-inter-level travel time spent in this place.
 C = Inter-level travel time spent in this place.
 D = Time resting spent in this place.
 E = Time spent auto-exploring this place.
 F = Levels seen in this place.
 G = Mean time per level.
                   A        B        C        D        E       F      G
               +--------+--------+--------+--------+--------+-----+--------+
         Total |    292 |    292 |      0 |     39 |     26 |   1 |  292.0 |
       Dungeon |    292 |    292 |      0 |     39 |     26 |   1 |  292.0 |
               +--------+--------+--------+--------+--------+-----+--------+

Top non-repeatable levels by time:
       D: 292 daAuts
